 Dungeon Crawl Stone Soup version 0.18.1-48-g4cf74bf (webtiles) character file.

95 ErikD the Skirmisher (level 4, -4/41 HPs)
             Began as a Hill Orc Berserker on July 30, 2016.
             Was a Believer of Trog.
             Killed by nerve-wracking pain
             ... invoked by Grinder
              (7 damage)
             ... on level 4 of the Dungeon.
             The game lasted 00:12:22 (1853 turns).

ErikD the Skirmisher (Hill Orc Berserker)           Turns: 1853, Time: 00:12:23

Health: -4/41      AC:  5    Str: 19    XL:     4   Next: 65%
Magic:  4/4        EV: 11    Int:  8    God:    Trog [**....]
Gold:   170        SH:  0    Dex: 10    Spells: 0 memorised, 3 levels left

rFire  . . .     SeeInvis .     a - +0 mace
rCold  . . .     Gourm    .     p - -1 ring mail (curse)
rNeg   . . .     Faith    .     (no shield)
rPois  .         Spirit   .     (no helmet)
rElec  .         Dismiss  .     q - +0 cloak
rCorr  .         Reflect  .     (no gloves)
SustAt .         Harm     .     (no boots)
MR     .....                    (no amulet)
Stlth  ..........               (no ring)
                                (no ring)

@: not resistant to hostile enchantments, extremely unstealthy
A: no striking features
a: Berserk, Trog's Hand, Burn Spellbooks, Renounce Religion


You were on level 4 of the Dungeon.
You worshipped Trog.
Trog was pleased with you.
You were not hungry.

You visited 1 branch of the dungeon, and saw 4 of its levels.

You collected 170 gold pieces.

Inventory:

Hand Weapons
 a - a +0 mace (weapon)
 e - a +0 club
 l - a +0 trident
 n - a +0 club
 o - a +0 club
 u - a +0 blowgun
Missiles
 i - 41 arrows
 m - 5 javelins (quivered)
 t - a poisoned needle
 v - 4 tomahawks
Armour
 b - a +0 animal skin
 p - a cursed -1 ring mail (worn)
 q - a +0 cloak (worn)
 r - a +1 cloak
Scrolls
 h - a scroll of random uselessness
 x - a scroll of recharging
Potions
 d - a potion of curing {unknown}
 f - 2 potions of haste
 g - a potion of heal wounds {unknown}
 j - a potion of degeneration {unknown}
Comestibles
 c - a bread ration
 k - 3 meat rations
 s - 4 fruits


   Skills:
 + Level 4.3 Fighting
 + Level 4.1 Maces & Flails
 + Level 1.2 Throwing
 + Level 2.3 Armour
 + Level 2.4 Dodging


You had 3 spell levels left.
You didn't know any spells.

Dungeon Overview and Level Annotations

Branches:
Dungeon (4/15)
 Temple: D:4-7

Altars:
Dithmenos
Nemelex Xobeh
Okawaru
Pakellas

Annotations:
D:3 stevezissou's ghost, amateur OpIE
D:4 Grinder


Message History

The gnoll freezes you.
There is a stone staircase leading down here.
Stevezissou's ghost hits you.
The gnoll hits you with a spear of freezing.
* * * LOW HITPOINT WARNING * * *
The gnoll freezes you.
* * * LOW HITPOINT WARNING * * *
You climb downwards.
There is a stone staircase leading up, spattered with blood here.
The gnoll hits you from afar with a spear of freezing.
* * * LOW HITPOINT WARNING * * *
The gnoll freezes you.
* * * LOW HITPOINT WARNING * * *
Grinder comes into view.
Grinder shouts!
Grinder gestures at you.
You barely resist. Grinder gestures at you. Pain shoots through your body!
You die...

### #.. #.# #.# #.#
#############@#
#+#..............#
.................#
................g#.#
#...........5......#
_#.................#
#..................#
...................#
..#................#


You could see Grinder and a gnoll.

Vanquished Creatures
  2 gnolls
  An adder (D:2)
  2 oozes
  3 worms (D:2)
  2 dart slugs
  2 giant geckos
  2 ball pythons
  5 bats
  A giant cockroach (D:2)
  9 hobgoblins
  A jackal (D:2)
  A giant newt (D:2)
  5 goblins
  2 kobolds
  7 rats
45 creatures vanquished.

Notes
Turn   | Place    | Note
--------------------------------------------------------------
     0 | D:1      | ErikD the Hill Orc Berserker began the quest for the Orb.
     0 | D:1      | Reached XP level 1. HP: 19/19 MP: 1/1
   151 | D:1      | Reached XP level 2. HP: 23/27 MP: 2/2
   545 | D:2      | Reached XP level 3. HP: 29/33 MP: 3/3
   889 | D:2      | Reached ** piety under Trog
  1109 | D:2      | Reached skill level 1 in Throwing
  1203 | D:2      | Reached XP level 4. HP: 31/40 MP: 4/4
  1224 | D:2      | Found a shadowy altar of Dithmenos.
  1351 | D:2      | Found an oddly glowing altar of Pakellas.
  1624 | D:3      | Found a sparkling altar of Nemelex Xobeh.
  1732 | D:3      | Noticed stevezissou's ghost (amateur OpIE)
  1761 | D:4      | Found an iron altar of Okawaru.
  1841 | D:4      | HP: 1/41 [gnoll/spear of freezing (2)]
  1844 | D:4      | Noticed Grinder
  1853 | D:4      | Killed from afar by Grinder

Skill      XL: |  1  2  3  4 |
---------------+-------------+-----
Fighting       | 4 |  4.3
Throwing       | 1 |  1.2
Dodging        | 2 |  2.4
Maces & Flails | 4 |  4.1
Armour         | |  2.3

Action                   |  1- 3 |  4- 6 || total
-------------------------+-------+-------++-------
Melee: Mace              |    89 |    27 ||   116
 Fire: Blowgun           |       |    11 ||    11
Throw: Javelin           |    31 |     1 ||    32
Invok: Trog's Hand       |     1 |       ||     1
  Use: Scroll            |     2 |     2 ||     4
  Eat: Chunk             |     1 |       ||     1
       Bread ration      |       |     1 ||     1
Armor: Animal skin       |    19 |       ||    19
       Ring mail         |     6 |     4 ||    10
Dodge: Dodged            |    83 |    26 ||   109
